 Dungeon Crawl Stone Soup version 0.23.0-3-gf3c87f2df8 (webtiles) character file.

Game seed: 2960955499458512959

36 bpy6 the Vexing (level 3, 0/14 HPs)
             Began as a Felid Enchanter on Feb 22, 2019.
             Slain by a leopard gecko (5 damage)
             ... on level 1 of the Dungeon.
             The game lasted 00:07:31 (1367 turns).

bpy6 the Vexing (Felid Enchanter)                   Turns: 1367, Time: 00:07:32

Health: 0/14       AC:  1    Str:  4    XL:     3   Next: 19%
Magic:  1/7        EV: 18    Int: 17    God:
Gold:   30         SH:  0    Dex: 16    Spells: 3/6 levels left
                                        Lives:  0   Deaths: 0

rFire    . . .     SeeInvis +     - Unarmed
rCold    . . .     Gourm    .   (shield unavailable)
rNeg     . . .     Faith    .   (armour unavailable)
rPois    .         Spirit   .   (helmet unavailable)
rElec    .         Reflect  .   (cloak unavailable)
rCorr    .         Harm     .   (gloves unavailable)
MR       .....                  (boots unavailable)
Stlth    +++.......             (no amulet)
HPRegen  0.04/turn              (no ring)
MPRegen  0.10/turn              (no ring)

@: quick
A: very small, no armour, no weapons or thrown items, stealth, claws 1, fangs 3,
see invisible, carnivore, speed 1, shaggy fur 1, slow metabolism 1, sharp paws
a: no special abilities


You were on level 1 of the Dungeon.
You were hungry.

You visited 1 branch of the dungeon, and saw 1 of its levels.

You collected 30 gold pieces.

Inventory:

Scrolls
 d - a scroll of identify {unknown}
 e - 2 scrolls of remove curse {unknown}
Potions
 a - a potion of brilliance {unknown}
 c - a potion of lignification {unknown}
Comestibles
 b - 3 rations


   Skills:
 - Level 2.8 Dodging
 + Level 4.5 Stealth
 + Level 1.5 Unarmed Combat
 + Level 2.4 Spellcasting
 + Level 5.0 Hexes


You had 3 spell levels left.
You knew the following spells:

 Your Spells              Type           Power        Failure   Level  Hunger
a - Corona                Hex            ###....      2%          1    #......
b - Ensorcelled Hibernat  Hex/Ice        ##....       10%         2    ##.....

Your spell library contained the following spells:

 Spells                   Type           Power        Failure   Level  Hunger
 Confuse                  Hex            ###.....     7%          3    ###....
 Tukima's Dance           Hex            ###.....     7%          3    ###....
 Dazzling Spray           Conj/Hex       ##....       21%         3    ###....


Dungeon Overview and Level Annotations

Branches:
Dungeon (1/15)

Altars:


Innate Abilities, Weirdness & Mutations

You cannot wear armour.
You are incapable of wielding weapons or throwing items.
Your paws allow you to move quietly. (Stealth)
You have sharp claws.
You have razor-sharp teeth.
You have supernaturally acute eyesight. (SInv)
You are carnivorous and can eat meat at any time.
You cover ground quickly.
You are covered in fur. (AC +1)
You have a slow metabolism.
Your sharp claws are effective at attacking unaware monsters.


Message History

Press: ? - help, Shift-Dir - straight line, f/p - leopard gecko
Aim: a leopard gecko (clinging, chance to defeat MR: 59%)
The leopard gecko resists with significant effort.
You barely miss the leopard gecko. The leopard gecko misses you.
You scratch the leopard gecko.
The leopard gecko is heavily wounded.
The leopard gecko completely misses you.
You barely miss the leopard gecko.
The leopard gecko is heavily wounded.
The leopard gecko closely misses you.
You barely miss the leopard gecko.
The leopard gecko is heavily wounded.
The leopard gecko completely misses you.
You closely miss the leopard gecko.
The leopard gecko is heavily wounded.
The leopard gecko misses you.
You barely miss the leopard gecko. Your bite misses the leopard gecko.
The leopard gecko is heavily wounded.
The leopard gecko bites you.
You die...

.####...##..#........##)###
♣... .#
#.........#.........# #...
.# ##.###.##........####
♣#♣# .# #.# #.###.#...### ♣
.# #.###.###.#...# # .#
#.........#..##
.#####.###.#####..#
...........# #l.#
######.##### #@.# #.#
#..#### #.# #.....# #)#
#.....# ##.## ##.....####
##...## #.........# #.....#
#.........# #.....#
#.........# #.....#
##.#...####


You could see a leopard gecko.

Vanquished Creatures
  2 dart slugs (D:1)
  A ball python (D:1)
  3 goblins (D:1)
  7 hobgoblins (D:1)
  6 jackals (D:1)
  3 bats (D:1)
  2 frilled lizards (D:1)
  4 rats (D:1)
28 creatures vanquished.

Notes
Turn   | Place    | Note
-------+----------+-------------------------------------------
     0 | D:1      | bpy6 the Felid Enchanter began the quest for the Orb.
     0 | D:1      | Reached XP level 1. HP: 7/7 MP: 4/4
   224 | D:1      | Reached XP level 2. HP: 11/11 MP: 6/6
  1004 | D:1      | Learned a level 2 spell: Ensorcelled Hibernation
  1090 | D:1      | Reached XP level 3. HP: 7/14 MP: 0/7
  1130 | D:1      | Reached skill level 5 in Hexes
  1367 | D:1      | Slain by a leopard gecko

Skill      XL: |  1  2  3 |
---------------+----------+-----
Hexes          | 5 |  5.0
Dodging        | |  2.8
Stealth        | |  4.5
Unarmed Combat | |  1.5
Spellcasting   | |  2.4

Action                   || total
-------------------------++-------
Melee: Unarmed           ||    98
       Bite              ||     4
 Cast: Corona            ||     8
       Ensorcelled Hiber ||    12
 Stab: Sleeping          ||    10
Armor: Skin              ||     9
Dodge: Dodged            ||    92
